 Dungeon Crawl Stone Soup version 0.31.0-11-ge490571c62 (webtiles) character file.

Game seed: 5703135338214769271

11 NamelessAdventurer the Ducker (level 2, 0/29 HPs)
             Began as a Gnoll Monk on Feb 5, 2024.
             Slain by an orc
             ... wielding a +0 dagger
              (3 damage)
             ... on level 2 of the Dungeon.
             The game lasted 00:01:24 (324 turns).

NamelessAdventurer the Ducker (Gnoll Monk)           Turns: 324, Time: 00:01:25

Health: 0/29       AC:  2    Str: 10    XL:     2   Next: 29%
Magic:  2/2        EV: 15    Int:  9    God:
Gold:   22         SH:  0    Dex: 14    Spells: 1/1 levels left

rFire   . . .        a - +0 falchion
rCold   . . .        d - orb {light}
rNeg    . . .        b - +0 robe
rPois   .            (no helmet)
rElec   .            (no cloak)
rCorr   .            (no gloves)
SInv    .            (no boots)
Will    .....        (no amulet)
Stlth   +            (no ring)
HPRegen 0.24/turn    (no ring)
MPRegen 0.08/turn

%: no passive effects
@: confused, ambrosia-drunk, glowing
A: fangs 1, strong nose, distributed training
a: no special abilities


You were on level 2 of the Dungeon.
You visited 1 branch of the dungeon, and saw 2 of its levels.

You collected 22 gold pieces.

Inventory:

Hand Weapons
 a - a +0 falchion (weapon)
Armour
 b - a +0 robe (worn)
 d - an orb of light (worn)
Scrolls
 e - 3 scrolls of identify {unknown}


   Skills:
 + Level 6.5 Fighting
 + Level 0.4 Short Blades
 + Level 6.5 Long Blades
 + Level 0.4 Axes
 + Level 0.4 Maces & Flails
 + Level 0.4 Polearms
 + Level 0.4 Staves
 + Level 0.4 Ranged Weapons
 + Level 0.4 Throwing
 + Level 0.4 Armour
 + Level 6.5 Dodging
 + Level 0.4 Stealth
 + Level 0.4 Shields
 + Level 0.4 Unarmed Combat
 + Level 0.4 Spellcasting
 + Level 0.2 Conjurations
 + Level 0.2 Hexes
 + Level 0.2 Summonings
 + Level 0.2 Necromancy
 + Level 0.2 Translocations
 + Level 0.2 Fire Magic
 + Level 0.2 Ice Magic
 + Level 0.2 Air Magic
 + Level 0.2 Earth Magic
 + Level 0.2 Alchemy
 + Level 0.5 Invocations
 + Level 0.4 Evocations
 + Level 0.3 Shapeshifting


You had one spell level left.
You didn't know any spells.
Your spell library contained the following spells:

 Spells                   Type           Power      Damage    Failure   Level
 Lesser Beckoning         Tloc           0%         N/A       47%         2
 Static Discharge         Conj/Air       0%         3-3/arc   47%         2
 Gell's Gravitas          Tloc           0%         N/A       71%         3
 Teleport Other           Tloc           0%         N/A       71%         3
 Airstrike                Air            0%         2d(0-16)  98%         4
 Summon Lightning Spire   Summ/Air       0%         N/A       98%         4


Dungeon Overview and Level Annotations

Branches:
Dungeon (2/15)

Altars:


Innate Abilities, Weirdness & Mutations

You have very sharp teeth.
Your uncanny sense of smell can sniff out nearby items.
Your experience applies equally to all skills.


Message History

HP restored.
You now have 22 gold pieces (gained 7).
An orc priest comes into view. It is wielding a +0 hand axe.
The orc priest shouts!
An orc comes into view. It is wielding a +0 club.
The orc shouts!
You hear a shout!
The orc throws a boomerang.
The boomerang hits you but does no damage.
You see here a fuming white potion.
The orc priest looks encouraged for a moment.
An orc comes into view. It is wielding a +0 dagger.
The orc shouts!
The orc priest misses you. The orc misses you.
You barely miss the orc. You hit the orc but do no damage.
The orc priest closely misses you. The orc barely misses you.
You hit the orc but do no damage.
The orc priest hits you with a +0 hand axe.
The orc hits you with a +0 club.
You hit the orc but do no damage. The orc priest completely misses you.
The orc hits you with a +0 club.
You hit the orc.
The orc is almost dead.
The orc priest hits you with a +0 hand axe.
The orc barely misses you.
You barely miss the orc. Your bite misses the orc.
The orc is almost dead.
The orc priest misses you. The orc closely misses you. x2
You hit the orc.
You kill the orc!
The orc priest closely misses you. The orc misses you.
The orc priest hits you with a +0 hand axe.
The orc hits you with a +0 dagger.
You are confused.
You feel invigorated.
The orc priest calls down the wrath of Beogh upon you.
Pain shoots through your body!
* * * LOW HITPOINT WARNING * * *
The orc hits you with a +0 dagger.
You die...

.........#....
#.............#....
#.............#....
#.............#....
#.............#....
#.............#....
#.............#....
#..o......)........
#.@.).........#....
#.o...........#(...
#.!.........†.#.(..
#..........)..#....
#.............#####
##.##########.# #.#
#.# #.# #.# #.# #.#


You could see an orc priest and an orc.

Vanquished Creatures
  An orc (D:2)
  An endoplasm (D:1)
  2 hobgoblins
  A frilled lizard (D:1)
  4 kobolds
  2 rats (D:1)
11 creatures vanquished.

Notes
Turn   | Place    | Note
-------+----------+-------------------------------------------
     0 | D:1      | NamelessAdventurer the Gnoll Monk began the quest for the
                  | Orb.
     0 | D:1      | Reached XP level 1. HP: 23/23 MP: 1/1
   123 | D:1      | Reached XP level 2. HP: 24/29 MP: 2/2
   324 | D:2      | Slain by an orc

Illustrated notes

Levels and vault maps discovered:
D:1:      zaba_arrival_water, layout_basic, minmay_shallow_snake_nest
D:2:      layout_basic, dreamdust_ecumenical_altar_angels_and_demons

Action                     || total
---------------------------++-------
  Melee: Falchion          ||    31
         Bite              ||     2
    Use: Potion            ||     1
 Armour: Robe              ||    24
  Dodge: Dodged            ||    28
